 Dungeon Crawl Stone Soup version 0.24-a0-333-g864f2b5d03 (webtiles) character file.

Game seed: 4047135085061922337

72 HAL9000 the Sneak (level 4, -2/34 HPs)
             Began as a Vine Stalker Assassin on May 17, 2019.
             Slain by Jessica
             ... wielding a +0 club
              (7 damage)
             ... on level 2 of the Dungeon.
             The game lasted 00:02:07 (1410 turns).

HAL9000 the Sneak (Vine Stalker Assassin)           Turns: 1410, Time: 00:02:08

Health: -2/34      AC:  3    Str: 20    XL:     4   Next: 26%
Magic:  0/5        EV: 11    Int: 11    God:
Gold:   29         SH:  0    Dex: 15    Spells: 3/3 levels left

rFire    . . .     SeeInvis .   a - +2 dagger
rCold    . . .     Gourm    .   (no shield)
rNeg     . . .     Faith    .   b - +0 robe
rPois    .         Spirit   +   (no helmet)
rElec    .         Reflect  .   c - +0 cloak
rCorr    .         Harm     .   (no gloves)
MR       .....                  (no boots)
Stlth    ..........             (no amulet)
HPRegen  0.51/turn              (no ring)
MPRegen  0.09/turn              (no ring)

@: berserking, very quick
A: fangs 2, regeneration 1, magic shield, antimagic bite, no potion heal 3, rot
immunity
a: no special abilities


You were on level 2 of the Dungeon.
You were hungry.

You visited 1 branch of the dungeon, and saw 2 of its levels.

You collected 29 gold pieces.

Inventory:

Hand Weapons
 a - a +2 dagger (weapon)
Missiles
 d - 24 poisoned darts (quivered)
Armour
 b - a +0 robe (worn)
 c - a +0 cloak (worn)
Scrolls
 g - 2 scrolls of remove curse {unknown}
 i - a scroll of fog {unknown}
 j - 2 scrolls of identify {unknown}
 k - 2 scrolls of enchant armour {unknown}
 o - a scroll of immolation {unknown}
Potions
 h - a potion of haste {unknown}
 l - 2 potions of flight {unknown}
 n - a potion of heal wounds {unknown}
Comestibles
 f - 3 rations


   Skills:
 - Level 1.7 Fighting
 + Level 4.0 Short Blades
 - Level 1.7 Throwing
 - Level 0.7 Dodging
 - Level 4.8 Stealth


You had 3 spell levels left.
You didn't know any spells.
Your spell library was empty.

Dungeon Overview and Level Annotations

Branches:
Dungeon (2/15)

Altars:

Annotations:
D:2 Jessica


Innate Abilities, Weirdness & Mutations

You have extremely sharp teeth.
Your natural rate of healing is unusually fast.
When hurt, damage is shared between your health and your magic reserves.
Your bite disrupts and absorbs the magic of your enemies.
Potions cannot restore your health.
You are immune to rotting.


Message History

a poisoned dart; a curare-tipped dart; a scroll labeled OCOCEVV XASEKK
e - a curare-tipped dart Jessica hits you with a +0 club.
* * * LOW HITPOINT WARNING * * *
Throwing (i - inventory. (/) - cycle)
e - a curare-tipped dart (quivered)
Press: ? - help, Shift-Dir - straight line, f/p - Jessica
Aim: Jessica, wielding a +0 club and wearing a +0 robe (fast, unusually resistant)
You throw a curare-tipped dart. The curare-tipped dart hits Jessica.
Jessica hits you with a +0 club.
* * * LOW HITPOINT WARNING * * *
Unknown command.
You barely miss Jessica. Jessica barely misses you.
Unknown command.
It was a potion of berserk rage.
A red film seems to cover your vision as you go berserk!
You feel yourself moving faster!
You feel mighty! Jessica hits you with a +0 club.
* * * LOW HITPOINT WARNING * * *
Jessica hits you with a +0 club!
You die...

#.#######.#
########..........
...†......#......
#########.#..#####
#...##...##
#...#...=.#
#...#!...?# #
#...#?..@?# .#
#...##..@##..#
#....##'##..#
#.##.......# #.
##.....## ..
####### ... ##..
###


You could see Jessica.

Vanquished Creatures
  2 adders (D:2)
  An ooze (D:1)
  2 worms (D:2)
  2 leopard geckos (D:2)
  5 bats
  2 giant cockroaches (D:1)
  6 goblins
  4 hobgoblins
  4 jackals (D:1)
  5 kobolds
  A quokka (D:2)
  A ball python (D:1)
  A frilled lizard (D:1)
  A rat (D:1)
37 creatures vanquished.

Notes
Turn   | Place    | Note
-------+----------+-------------------------------------------
     0 | D:1      | HAL9000 the Vine Stalker Assassin began the quest for the
                  | Orb.
     0 | D:1      | Reached XP level 1. HP: 11/11 MP: 2/2
   200 | D:1      | Reached XP level 2. HP: 15/15 MP: 3/3
   426 | D:1      | Reached XP level 3. HP: 12/18 MP: 4/4
  1256 | D:2      | Gained mutation: Your natural rate of healing is unusually
                  | fast. [Vine Stalker growth]
  1256 | D:2      | Reached XP level 4. HP: 18/23 MP: 2/5
  1384 | D:2      | Noticed Jessica
  1410 | D:2      | Slain by Jessica

Levels and vault maps discovered:
D:1:      dpeg_arrival_radiant, layout_basic
D:2:      layout_loops_ring, first_ration, kennysheep_jessica_study

Skill      XL: |  1  2  3  4 |
---------------+-------------+-----
Short Blades   | 2 3 4 |  4.0
Fighting       | |  1.7
Throwing       | |  1.7
Dodging        | |  0.7
Stealth        | |  4.8

Action                   |  1- 3 |  4- 6 || total
-------------------------+-------+-------++-------
Melee: Dagger            |    79 |    19 ||    98
       Bite              |    12 |     5 ||    17
Throw: Dart              |     7 |     5 ||    12
  Use: Potion            |       |     1 ||     1
 Stab: Sleeping          |     9 |     2 ||    11
  Eat: Chunk             |     1 |       ||     1
Armor: Robe              |     9 |     6 ||    15
Dodge: Dodged            |    26 |    19 ||    45

Table legend:
 A = Non-vault XP
 B = Vault XP
 C = Vault XP percentage of total XP
 D = Non-vault monster count
 E = Vault monster count
 F = Vault count percentage of total count
                 A         B        C        D         E       F
            +---------+---------+-------+---------+---------+-------
      Total |     102 |       2 |   1.9 |      36 |       1 |   2.7
            +---------+---------+-------+---------+---------+-------
        D:1 |      46 |       0 |   0.0 |      23 |       0 |   0.0
        D:2 |      56 |       2 |   3.4 |      13 |       1 |   7.1
            +---------+---------+-------+---------+---------+-------
